 Dungeon Crawl Stone Soup version 0.20-a0-266-gdedccd6 (webtiles) character file.

560 AlphabetPasta the Reanimator (level 7, -1/36 HPs)
             Began as a Deep Elf Necromancer on Dec 4, 2016.
             Slain by a bullfrog skeleton (7 damage)
             ... on level 5 of the Dungeon.
             The game lasted 00:20:40 (5626 turns).

AlphabetPasta the Reanimator (Deep Elf Necromancer) Turns: 5626, Time: 00:20:40

Health: -1/36      AC:  2    Str:  7    XL:     7   Next: 9%
Magic:  9/18       EV: 13    Int: 22    God:
Gold:   207        SH:  0    Dex: 17    Spells: 5/18 levels left

rFire  . . .     SeeInvis .     i - +0 quarterstaff
rCold  . . .     Gourm    .     a - +0 robe
rNeg   . . .     Faith    .     (shield currently unavailable)
rPois  .         Spirit   .     (no helmet)
rElec  .         Reflect  .     (no cloak)
rCorr  .         Harm     .     (no gloves)
MR     .....                    (no boots)
Stlth  ++........               (no amulet)
                                o - +2 ring of strength
                                j - +2 ring of dexterity

@: no status effects
A: no striking features
a: no special abilities


You were on level 5 of the Dungeon.
You were not hungry.

You visited 2 branches of the dungeon, and saw 6 of its levels.

You collected 207 gold pieces.

Inventory:

Hand Weapons
 i - a +0 quarterstaff (weapon)
Armour
 a - a +0 robe (worn)
Jewellery
 j - a +2 ring of dexterity (left hand)
 m - an uncursed ring of fire
 o - a +2 ring of strength (right hand)
Wands
 k - a wand of teleportation (6/9)
Scrolls
 l - 2 scrolls of blinking
 n - a scroll of remove curse
 p - a scroll of magic mapping {unknown}
Potions
 c - 2 potions of cancellation
 e - a potion of might
 f - 4 potions of heal wounds
 g - 8 potions of curing
 q - a potion of lignification {unknown}
Books
 b - a book of Necromancy

   Spells                             Type                      Level
   a - Pain                           Necromancy                   1
   b - Animate Skeleton               Necromancy                   1
   c - Vampiric Draining              Necromancy                   3
   d - Regeneration                   Charms/Necromancy            3
   e - Animate Dead                   Necromancy                   4
   f - Control Undead                 Necromancy                   4
Comestibles
 d - 3 beef jerkies
 h - 2 meat rations
 r - 8 fruits


   Skills:
 - Level 2.4 Dodging
 - Level 2.4 Stealth
 + Level 6.4 Spellcasting
 * Level 8.9 Necromancy


You had 5 spell levels left.
You knew the following spells:

 Your Spells              Type           Power        Failure   Level  Hunger
a - Pain                  Necr           ####         1%          1    None
b - Animate Skeleton      Necr           N/A          1%          1    None
c - Vampiric Draining     Necr           #####.....   1%          3    #......
d - Animate Dead          Necr           N/A          1%          4    ###....
e - Control Undead        Necr           #####.....   1%          4    ###....


Dungeon Overview and Level Annotations

Branches:
Dungeon (5/15)             Temple (1/1) D:5

Altars:
Ashenzari
Cheibriados
Fedhas
Gozag
Hepliaklqana
Makhleb
Nemelex Xobeh
Qazlal
Ru
Trog
Xom
Yredelemnul
Zin
The Shining One

Shops:
D:4 }

Annotations:
D:3 smallfrog's ghost, amateur DrBe
D:4 smallfrog's ghost, amateur DrBe
D:5 1 exclusion, Grinder; Menkaure


Message History

The centaur unwields an uncursed shortbow.
The centaur closely misses you.
Casting: Vampiric Draining
Confirm with . or Enter, or press ? or * to list all spells.
Aiming: Vampiric Draining
Press: ? - help, Shift-Dir - straight line, f/p - centaur
Aim: a centaur (almost dead)
You kill the centaur!
You have reached level 7!
You feel life coursing into your body.
You hit the bullfrog skeleton.
The bullfrog skeleton is lightly damaged.
The bullfrog skeleton closely misses you.
The bullfrog skeleton hits you.
You barely miss the bullfrog skeleton.
The bullfrog skeleton is lightly damaged.
The bullfrog skeleton hits you.
* * * LOW HITPOINT WARNING * * *
The bullfrog skeleton hits you!
You die...

.................#.#
#..########.#.#.....
#..# ##...###.. #..#
##.## # #..# #.#
#..# #.# #..# #.#
...# #.######.#.#
#.## #(((@Z......
#.# ########.### #.#
#.# #.# #.# ..# ###


You could see a bullfrog skeleton.

Vanquished Creatures
  2 sky beasts (D:5)
  A centaur (D:5)
  2 hounds (D:4)
  An iguana (D:4)
  3 worker ants (D:4)
  4 adders
  2 oozes
  A worm (D:3)
  3 dart slugs
  A leopard gecko (D:3)
  6 orcs
  9 bats
  4 giant cockroaches
  8 goblins
  4 hobgoblins
  4 jackals (D:2)
  2 quokkas (D:4)
  2 ball pythons
  6 frilled lizards
  6 kobolds
  A leopard gecko skeleton (D:4)
  10 rats
82 creatures vanquished.

Vanquished Creatures (collateral kills)
  An ooze (D:1)
  A worm (D:3)
  A leopard gecko (D:2)
3 creatures vanquished.

Grand Total: 85 creatures vanquished

Notes
Turn   | Place    | Note
-------+----------+-------------------------------------------
     0 | D:1      | AlphabetPasta the Deep Elf Necromancer began the quest for the Orb.
     0 | D:1      | Reached XP level 1. HP: 10/10 MP: 6/6
    19 | D:1      | Learned a level 1 spell: Animate Skeleton
   173 | D:1      | Reached skill level 5 in Necromancy
   310 | D:1      | Reached XP level 2. HP: 12/15 MP: 5/8
  1065 | D:1      | Reached XP level 3. HP: 16/19 MP: 6/10
  1357 | D:2      | Learned a level 3 spell: Vampiric Draining
  1387 | D:2      | Learned a level 3 spell: Vampiric Draining
  1614 | D:2      | Reached skill level 6 in Necromancy
  2384 | D:3      | Reached XP level 4. HP: 6/24 MP: 3/12
  2995 | D:3      | Noticed smallfrog's ghost (amateur DrBe)
  3025 | D:3      | Learned a level 4 spell: Animate Dead
  3694 | D:4      | Reached XP level 5. HP: 18/28 MP: 4/14
  3813 | D:4      | Reached skill level 7 in Necromancy
  3976 | D:4      | Reached skill level 5 in Spellcasting
  3992 | D:4      | Found Rinub's Gadget Boutique.
  4631 | D:4      | Noticed smallfrog's ghost (amateur DrBe)
  4687 | D:4      | Learned a level 4 spell: Control Undead
  4773 | D:4      | Reached XP level 6. HP: 31/32 MP: 13/16
  4863 | D:5      | Entered Level 5 of the Dungeon
  4863 | D:5      | Noticed a sky beast
  4870 | D:5      | Killed a sky beast
  4870 | D:5      | Reached skill level 8 in Necromancy
  5015 | D:5      | Noticed a sky beast
  5024 | D:5      | Killed a sky beast
  5238 | D:5      | Noticed Grinder
  5290 | D:5      | Found a staircase to the Ecumenical Temple.
  5299 | Temple   | Entered the Ecumenical Temple
  5553 | D:5      | Noticed Menkaure
  5624 | D:5      | Reached XP level 7. HP: 12/36 MP: 8/18
  5626 | D:5      | Slain by a bullfrog skeleton

Vault maps used:
D:1:      ncdulo_watergridlock
D:2:      minmay_crystal_room
D:3:      kennysheep_six_static_rooms
D:4:      serial_glass, glass_columns_b, glass_columns_c, serial_shops,
          nicolae_shop_crystal, first_bread
D:5:      black_bear_nest_2, bh_walls_and_bars, uniq_menkaure, uniq_grinder
Temple:   eino_temple_lava

Skill      XL: |  1  2  3  4  5  6 |
---------------+-------------------+-----
Necromancy     | 5 6 7 8 |  8.9
Spellcasting   | 4 5 6 |  6.4
Dodging        | |  2.4
Stealth        | |  2.4

Action                   |  1- 3 |  4- 6 |  7- 9 || total
-------------------------+-------+-------+-------++-------
Melee: Quarterstaff      |       |     3 |     2 ||     5
 Cast: Pain              |    73 |    92 |       ||   165
       Animate Skeleton  |    10 |     9 |       ||    19
       Vampiric Draining |       |    13 |     1 ||    14
       Animate Dead      |       |     2 |       ||     2
  Use: Scroll            |     6 |     6 |       ||    12
  Eat: Chunk             |     4 |     2 |       ||     6
       Bread ration      |       |     2 |       ||     2
Armor: Robe              |     1 |     3 |       ||     4
Dodge: Dodged            |    10 |    21 |     1 ||    32
